 Dungeon Sprint DCSS version 0.30.1 (webtiles) character file.

Game seed: 16350662641382690692

48 boopmooplesden the Twirler (level 3, -5/23 HPs)
             Began as a Gargoyle Gladiator on July 14, 2023.
             Was a Follower of Trog.
             Slain by a killer bee (6 damage)
             ... in the Dungeon (Sprint VI: "Thunderdome").
             The game lasted 00:01:31 (344 turns).

boopmooplesden the Twirler (Gargoyle Gladiator)      Turns: 344, Time: 00:01:31

Health: -5/23      AC:  7    Str: 19    XL:     3   Next: 43%
Magic:  3/3        EV: 12    Int:  9    God:    Trog [*.....]
Gold:   145        SH:  0    Dex: 11    Spells: 2/2 levels left

rFire   + + +        a - +0 quarterstaff
rCold   x . .        (shield currently unavailable)
rNeg    + + .        b - +0 leather armour
rPois   ∞            c - +0 helmet
rElec   +            (no cloak)
rCorr   .            (no gloves)
SInv    +            (no boots)
Will    ++++.        p - amulet "Ciggin" {RegenMP Will+} Stlth
                     q - ring "Uraczeq" {rC- Will+++ Int+6 SInv Stlth-}
HPRegen 0.23/turn    r - ring of Okawaru's Benevolence {Drain Fly rF+++ rN+ Int-5}
MPRegen 0.48/turn

%: no teleportation
@: flying
A: sickness immunity, AC +3, negative energy resistance 1, electricity
resistance, torment resistance 1, petrification resistance
a: Renounce Religion, Berserk


You were in the Dungeon.
You worshipped Trog.
Trog was aware of your devotion.
You visited 1 branch You collected 280 gold pieces.
You spent 135 gold pieces at shops.

Inventory:

Hand Weapons
 a - a +0 quarterstaff (weapon)
Missiles
 d - a throwing net (quivered)
 e - a javelin
Armour
 b - a +0 leather armour (worn)
 c - a +0 helmet (worn)
Jewellery
 p - the amulet "Ciggin" (around neck) {RegenMP Will+}
   (You bought it in a shop in the Dungeon)

   [amulet of magic regeneration]

   It increases your rate of magic regeneration.
   Will:      It increases your willpower.
 q - the ring "Uraczeq" (left hand) {rC- Will+++ Int+6 SInv Stlth-}
   (You bought it in a shop in the Dungeon)

   [ring of intelligence]

   Int:       It affects your intelligence (+6).
   rC:        It makes you vulnerable to cold.
   SInv:      It lets you see invisible.
   Will:      It greatly increases your willpower.
   Stlth:     It makes you less stealthy.
 r - the ring of Okawaru's Benevolence (right hand) {Drain Fly rF+++ rN+ Int-5}
   (You bought it in a shop in the Dungeon)

   [ring of positive energy]

   Int:       It affects your intelligence (-5).
   rF:        It renders you almost immune to fire.
   rN:        It protects you from negative energy.
   Fly:       It grants you flight.
   Drain:     It drains your maximum health when unequipped.
Wands
 m - a wand of quicksilver (5)
 n - a wand of iceblast (5)
Scrolls
 k - 4 scrolls of blinking
 o - 3 scrolls of fog
Potions
 f - a potion of curing
 g - 4 potions of heal wounds
 h - 4 potions of haste
 i - 2 potions of magic
 j - a potion of berserk rage
 l - a potion of resistance


   Skills:
 + Level 3.3 Fighting
 + Level 5.0 Staves
 + Level 2.4 Throwing
 + Level 0.3 Armour
 + Level 4.0 Dodging


You had 2 spell levels left.
You didn't know any spells.
Your spell library was empty.

Dungeon Overview and Level Annotations

Branches:
Dungeon (1/1)

Altars:
Cheibriados
Dithmenos
Fedhas
Gozag
Kikubaaqudgha
Makhleb
Okawaru
Qazlal
Ru
Sif Muna
Trog
Uskayaw
Vehumet
Wu Jian
Xom
Yredelemnul
Zin
The Shining One
Lugonu

Shops:
D *[??*?*:[((!!!!


Innate Abilities, Weirdness & Mutations

You are immune to sickness and miasma.
Your stone body is resilient. (AC +3)
You are immune to poison.
You resist negative energy. (rN+)
You are resistant to electric shocks. (rElec)
You are resistant to unholy torment.
You are immune to petrification.


Message History

Press: ? - help, Q - select action, (/) - cycle Shift-Dir - straight line, f - killer bee
Aim: a killer bee (26% to hit)
You throw a throwing net. The throwing net hits the killer bee.
The killer bee is caught in the net!
The killer bee struggles against the net. x2
You closely miss the killer bee.
The killer bee struggles against the net.
The net rips apart, and the killer bee comes free!
The killer bee stings you but does no damage.
You closely miss the killer bee.
The killer bee stings you but does no damage. x2
You miss the killer bee. The killer bee closely misses you. x2
You miss the killer bee. The killer bee stings you. The killer bee misses you.
You barely miss the killer bee. The killer bee stings you.
The killer bee barely misses you.
You closely miss the killer bee. The killer bee misses you.
The killer bee stings you!
You miss the killer bee.
The killer bee stings you but does no damage.
The killer bee closely misses you.
You closely miss the killer bee. The killer bee stings you!
* * * LOW HITPOINT WARNING * * *
The killer bee stings you but does no damage.
Throw: 2 throwing nets
Press: ? - help, Q - select action, (/) - cycle Shift-Dir - straight line, f/p - killer bee
Aim: a killer bee (26% to hit)
You throw a throwing net. The throwing net hits the killer bee.
The killer bee is caught in the net!
The killer bee struggles against the net. x2
You hit the killer bee.
The killer bee is lightly wounded.
The killer bee struggles against the net.
The net rips apart, and the killer bee comes free!
The killer bee closely misses you.
You sock the killer bee!
The killer bee is heavily wounded.
The killer bee stings you.
* * * LOW HITPOINT WARNING * * *
The killer bee stings you.
You die...

#........_# #_......._#
###.....)...### #⌠...........⌠#
######.8[.......)8.######
##.___......###...)..___∩##
###∩........8.# #.8........∩###
#......).....y###.............#
#⌠..........###@..###..........⌠
#⌠..........# #.<.# #.)..)[....⌠
#⌠..........###...###.....[....⌠
##.............###.............#
###∩........8.# #.8........∩###
##∩_._......###......___∩##
######.8.........8.######
#⌠...........⌠# ###.........###


You could see a killer bee.

Vanquished Creatures
  An orc wizard (D)
  4 orcs (D)
  A goblin (D)
  A hobgoblin (D)
  3 kobolds (D)
10 creatures vanquished.

Notes
Turn   | Place    | Note
-------+----------+-------------------------------------------
     0 | D        | boopmooplesden the Gargoyle Gladiator began the quest for
                  | the Orb.
     0 | D        | Reached XP level 1. HP: 12/12 MP: 1/1
     3 | D        | Found a corrupted altar of Lugonu.
     3 | D        | Found a hide-covered altar of Uskayaw.
     4 | D        | Found a shadowy altar of Dithmenos.
     5 | D        | Found a sacrificial altar of Ru.
     5 | D        | Found a blossoming altar of Fedhas.
     5 | D        | Round 1.
     6 | D        | Found a bloodstained altar of Trog.
     6 | D        | Found Onkoc's Identification Station.
     7 | D        | Found Venep's Jewellery.
     7 | D        | Found Timir's Advanced Armour.
    15 | D        | Bought a brightly glowing jade amulet for 45 gold pieces
    15 | D        | Identified the amulet "Ciggin" {RegenMP Will+} (You bought
                  | it in a shop in the Dungeon)
    15 | D        | Bought a steaming pewter ring for 45 gold pieces
    15 | D        | Identified the ring "Uraczeq" {rC- Will+++ Int+6 SInv
                  | Stlth-} (You bought it in a shop in the Dungeon)
    15 | D        | Bought a transparent turquoise ring for 45 gold pieces
    15 | D        | Identified the ring of Okawaru's Benevolence {Drain Fly
                  | rF+++ rN+ Int-5} (You bought it in a shop in the Dungeon)
    24 | D        | Noticed an orc wizard
    29 | D        | Found Xinaruc's Magic Scroll Shop.
    34 | D        | Killed an orc wizard
    35 | D        | Reached skill level 4 in Staves
    35 | D        | Reached XP level 2. HP: 18/19 MP: 2/2
    35 | D        | Reached XP level 3. HP: 22/23 MP: 3/3
    35 | D        | Found Jofiargho's Magic Scroll Shop.
    35 | D        | Found Luwk's Must-Have Magic.
    36 | D        | Found a burning altar of Makhleb.
    36 | D        | Found a radiant altar of Vehumet.
    36 | D        | Found Ucemix's Staff Store.
    40 | D        | Found a shimmering altar of Xom.
    41 | D        | Found an opulent altar of Gozag.
    43 | D        | Found Anatiy's Distillery.
    43 | D        | Found an ancient bone altar of Kikubaaqudgha.
    43 | D        | Found a glowing silver altar of Zin.
    43 | D        | Found a shimmering blue altar of Sif Muna.
    43 | D        | Found Oxkiz's Do-It-Yourself Clinic.
    44 | D        | Found Munloty's Distillery.
    44 | D        | Found Yjupef's Bottled Wisdom.
    47 | D        | Found an ornate altar of the Wu Jian Council.
    72 | D        | Arena points: 12 (+12) [x2]
    78 | D        | Found a snail-covered altar of Cheibriados.
    79 | D        | Found a glowing golden altar of the Shining One.
    80 | D        | Found Qecad's Weapon Rack.
    81 | D        | Found Qourages's Basic Armour.
    81 | D        | Found Ozoho's Miscellaneous Merchandise.
    82 | D        | Found a basalt altar of Yredelemnul.
    82 | D        | Found a stormy altar of Qazlal.
    82 | D        | Found an iron altar of Okawaru.
    82 | D        | Found Tatoris's Premium Goods.
    95 | D        | Became a worshipper of Trog the Wrathful
   125 | D        | Round 2.
   205 | D        | Reached skill level 5 in Staves
   227 | D        | Reached * piety under Trog
   272 | D        | Arena points: 48 (+36) [x3]
   323 | D        | Round 3.
   323 | D        | Noticed a killer bee
   344 | D        | HP: 1/23 [killer bee (5)]
   344 | D        | Slain by a killer bee

Illustrated notes

Levels and vault maps discovered:
D:        arena_sprint

Skill      XL: |  1  2  3 |
---------------+----------+-----
Fighting       | 3 |  3.3
Staves         | 4 5 |  5.0
Throwing       | 2 |  2.4
Dodging        | 3 4 |  4.0
Armour         | |  0.3

Action                     || total
---------------------------++-------
  Melee: Quarterstaff      ||    48
  Throw: Throwing net      ||     5
 Armour: Leather armour    ||    20
  Dodge: Dodged            ||    39
